 Dungeon Crawl Stone Soup version 0.28-a0-906-g0406aca7d3 (webtiles) character file.

Game seed: 17254783589117678029

51 siradein the Vexing (level 3, 0/26 HPs)
             Began as a Demonspawn Arcane Marksman on Nov 23, 2021.
             Succumbed to an adder's poison
             ... on level 2 of the Dungeon.
             The game lasted 00:03:25 (1223 turns).

siradein the Vexing (Demonspawn Arcane Marksman)    Turns: 1223, Time: 00:03:26

Health: 0/26       AC:  3    Str: 10    XL:     3   Next: 58%
Magic:  5/5        EV: 11    Int: 15    God:
Gold:   59         SH:  0    Dex: 13    Spells: 1/5 levels left

rFire   . . .      SeeInvis .   b - +1 whip (elec)
rCold   . . .      Faith    .   (no shield)
rNeg    . . .      Spirit   .   n - +0 leather armour
rPois   .          Reflect  .   (no helmet)
rElec   .          Harm     .   (no cloak)
rCorr   .          Rampage  .   (no gloves)
Will    .....                   (no boots)
Stlth   +.........              (no amulet)
HPRegen 0.08/turn               (no ring)
MPRegen 0.09/turn               (no ring)

@: lethally poisoned (0 -> -1)
A: weakness stinger 1
a: no special abilities


You were on level 2 of the Dungeon.
You visited 1 branch of the dungeon, and saw 2 of its levels.

You collected 59 gold pieces.

Inventory:

Hand Weapons
 a - a +0 hand crossbow
 b - a +1 whip of electrocution (weapon)
Missiles
 c - 28 bolts
 e - 31 stones
 k - a throwing net
Armour
 n - a +0 leather armour (worn)
Scrolls
 g - 2 scrolls of noise {unknown}
 h - a scroll of summoning {unknown}
 i - a scroll of identify {unknown}
 j - a scroll of amnesia {unknown}
 m - a scroll of fear {unknown}
Potions
 f - a potion of curing {unknown}
 l - a potion of magic {unknown}


   Skills:
 + Level 1.6 Fighting
 + Level 0.8 Maces & Flails
 + Level 2.1 Crossbows
 + Level 2.2 Dodging
 + Level 1.5 Spellcasting
 + Level 3.3 Hexes
 + Level 0.2 Fire Magic


You had one spell level left.
You knew the following spells:

 Your Spells              Type           Power      Damage    Failure   Level
a - Slow                  Hex            44%        N/A       9%          1
b - Inner Flame           Hex/Fire       6%         N/A       43%         3

Your spell library contained the following spells:

 Spells                   Type           Power      Damage    Failure   Level
 Portal Projectile        Hex/Tloc       12%        N/A       43%         3
 Cause Fear               Hex            5%         N/A       63%         4


Dungeon Overview and Level Annotations

Branches:
Dungeon (2/15)

Altars:


Innate Abilities, Weirdness & Mutations

You have a small tail.


Message History

The jackal bites you but does no damage.
The adder closely misses you.
You barely miss the adder.
The adder is lightly wounded.
The jackal barely misses you. The adder bites you but does no damage.
The jackal barely misses you.
You closely miss the adder.
Your tail-slap misses the adder.
The adder is lightly wounded.
The adder bites you. The jackal bites you.
The adder bites you but does no damage.
You closely miss the adder.
The adder is lightly wounded.
The jackal bites you but does no damage.
The adder barely misses you. The jackal bites you.
You barely miss the adder. The adder barely misses you.
The jackal bites you but does no damage.
The adder bites you.
You are poisoned.
The adder poisons you!
You closely miss the adder.
You feel sick. The jackal barely misses you. The jackal bites you.
The adder bites you.
You are more poisoned.
The adder poisons you!
You are too injured to fight recklessly!
You are too injured to fight recklessly!
You are too injured to fight recklessly!
You are too injured to fight recklessly!
You are too injured to fight recklessly!
You feel sick.
* * * LOW HITPOINT WARNING * * *
You feel sick. The jackal closely misses you. The adder barely misses you.
You feel sick.
The jackal bites you but does no damage.
You feel sick. The jackal misses you.
You feel sick. The adder bites you but does no damage.
You feel sick. The jackal bites you.
* * * LOW HITPOINT WARNING * * *
* * * LOW HITPOINT WARNING * * *
You feel sick.
You die...

..#####.......... ..#
#........... ..# #...........
..####...........
.................
#.###.#.######### #.# #...#
#.############################
................@.Sh.........+
#.#####.......##.##.......###+..
......+.......+...+.............
#.....#.......##.##.....†.......
+.....+.......##.##.............
#.....#.......##.##.............
####'#........##.##.......#.....
# #.....)....##.##.......#.....
# #..........##.##.......# ....


You could see an adder and a jackal.

Vanquished Creatures
  An adder (D:2)
  2 dart slugs (D:1)
  2 ball pythons
  4 endoplasms (D:1)
  A giant cockroach (D:1)
  6 goblins (D:1)
  3 hobgoblins (D:1)
  2 jackals (D:2)
  4 kobolds (D:1)
  A quokka (D:1)
  2 bats (D:1)
  5 rats (D:1)
33 creatures vanquished.

Notes
Turn   | Place    | Note
-------+----------+-------------------------------------------
     0 | D:1      | siradein the Demonspawn Arcane Marksman began the quest for
                  | the Orb.
     0 | D:1      | Reached XP level 1. HP: 15/15 MP: 2/2
   253 | D:1      | Gained mutation: You have a small tail. [demonic ancestry]
   253 | D:1      | Reached XP level 2. HP: 5/21 MP: 3/3
   695 | D:1      | Found a faded altar of an unknown god.
   837 | D:1      | Reached XP level 3. HP: 26/26 MP: 5/5
   845 | D:1      | Learned a level 3 spell: Inner Flame
  1222 | D:2      | HP: 1/26 [poisoned by an adder]
  1223 | D:2      | Succumbed to an adder's poison

Illustrated notes

Levels and vault maps discovered:
D:1:      lightli_arrival_lavapool, layout_basic,
          hellmonk_ecumenical_altar_prayer_group
D:2:      layout_basic, roderic_roman_lattice

Skill      XL: |  1  2 |
---------------+-------+-----
Dodging        | 2 |  2.2
Crossbows      | 2 |  2.1
Fighting       | |  1.6
Maces & Flails | |  0.8
Spellcasting   | |  1.5
Hexes          | |  3.3
Fire Magic     | |  0.2

Action                   || total
-------------------------++-------
Melee: Whip              ||    71
       Tailslap          ||     5
 Fire: Hand crossbow     ||     1
 Cast: Slow              ||     4
 Stab: Sleeping          ||     1
Armor: Robe              ||    13
       Leather armour    ||     7
Dodge: Dodged            ||    43

Table legend: (Time is in decaauts)
 A = Elapsed time spent in this place.
 B = Non-inter-level travel time spent in this place.
 C = Inter-level travel time spent in this place.
 D = Time resting spent in this place.
 E = Time spent auto-exploring this place.
 F = Levels seen in this place.
 G = Mean time per level.
                   A        B        C        D        E       F      G
               +--------+--------+--------+--------+--------+-----+--------+
         Total |   1228 |   1221 |      7 |      0 |    960 |   2 |  614.0 |
       Dungeon |   1228 |   1221 |      7 |      0 |    960 |   2 |  614.0 |
               +--------+--------+--------+--------+--------+-----+--------+

Top non-repeatable levels by time:
     D:1: 1051 daAuts
     D:2: 177 daAuts
